AoeStats
← Pony_Lord_AK47

Arabian Desert

509337771Analyzed
1v1 RM · 7d ago on Sep 26, 2026· 35m 16s· 2 players
Game mode
Random Map
Map size
Tiny (2 player)
Population
200
Speed
Normal
Resources
Standard
Victory
Conquest
Starting age
Dark Age
Ending age
Imperial Age
RankedLock teamsTeams togetherTeam positionsShared explorationLock speedFull tech treeHidden civsTurbo modeCheats
Victory
Defeat
🇲🇾 Danes · Malaysia
1120
+17
🇺🇸 Varangians · United States
1143
-17
timtimchew
6:40 Loom
9:28 Feudal Age
22:05 Castle Age
19:53 Double-Bit Axe
19:53 Horse Collar
20:18 Scale Mail Armor
20:13 Arson
21:16 Forging
22:20 Wheelbarrow
25:10 Bow Saw
26:27 Squires
26:13 Gambesons
27:30 Chain Mail Armor
27:52 Iron Casting
35:48 Heavy Plow
Pony_Lord_AK47
5:06 Loom
9:47 Feudal Age
10:34 Double-Bit Axe
22:40 Castle Age
21:35 Gold Mining
21:52 Fletching
22:53 Padded Archer Armor
23:19 Bodkin Arrow
23:37 Bloodlines
25:16 Husbandry
35:34 Wheelbarrow
Connection lost

Rejoining the realm…

Still unreachable

The connection could not be restored.

Session expired

The server has moved on; the page needs a fresh start.